 Dungeon Crawl Stone Soup version 0.23.2-1-ga50397a (webtiles) character file.

Game seed: 12132001342529489529

618 HASTUR3 the Magician (level 7, -5/48 HPs)
             Began as a Mummy Summoner on May 22, 2019.
             Slain by a killer bee (6 damage)
             ... on level 6 of the Dungeon.
             The game lasted 00:26:26 (4161 turns).

HASTUR3 the Magician (Mummy Summoner)               Turns: 4161, Time: 00:26:28

Health: -5/48      AC:  4    Str: 12    XL:     7   Next: 21%
Magic:  13/16      EV: 12    Int: 16    God:
Gold:   263        SH:  0    Dex: 12    Spells: 1/18 levels left

rFire    x . .     SeeInvis .   p - +0 whip (elec)
rCold    + . .     Gourm    .   (no shield)
rNeg     + + +     Faith    .   q - +2 robe
rPois    ∞         Spirit   .   (no helmet)
rElec    .         Reflect  .   (no cloak)
rCorr    .         Harm     .   (no gloves)
MR       .....                  (no boots)
Stlth    ++........             n - amulet of magic regeneration
HPRegen  0.16/turn              (no ring)
MPRegen  0.40/turn              (no ring)

@: about to teleport
A: no food or potions, fire vulnerability, cold resistance 1, negative energy
resistance 3, torment resistance, unbreathing
a: no special abilities


You were on level 6 of the Dungeon.
You were not hungry.

You visited 1 branch of the dungeon, and saw 6 of its levels.

You collected 263 gold pieces.

Inventory:

Hand Weapons
 e - a +0 spear
 p - a +0 whip of electrocution (weapon)
Missiles
 i - 25 poisoned needles
 k - 70 arrows
Armour
 q - a +2 robe (worn)
Jewellery
 n - an amulet of magic regeneration (around neck)
 o - an uncursed amulet of magic regeneration
Scrolls
 a - a scroll of magic mapping {unknown}
 b - a scroll of enchant armour
 c - 3 scrolls of fog
 d - a scroll of fear
 f - a scroll of identify
 g - 5 scrolls of teleportation
 h - a scroll of enchant weapon {unknown}
 j - 3 scrolls of remove curse
 l - a scroll of noise {unknown}
 m - a scroll of blinking {unknown}


   Skills:
 - Level 1.0 Fighting
 - Level 1.5 Dodging
 - Level 1.5 Stealth
 + Level 6.1 Spellcasting
 - Level 3.0 Hexes
 - Level 5.0 Summonings
 * Level 1.1 Ice Magic
 * Level 0.3 Air Magic


You had one spell level left.
You knew the following spells:

 Your Spells              Type           Power        Failure   Level  Hunger
a - Summon Small Mammal   Summ           ###.         1%          1    N/A
b - Call Imp              Summ           ###.....     2%          2    N/A
c - Call Canine Familiar  Summ           ###.....     5%          3    N/A
d - Summon Guardian Gole  Hex/Summ       ###.....     8%          3    N/A
e - Summon Ice Beast      Ice/Summ       ##......     36%         4    N/A
f - Summon Lightning Spi  Summ/Air       ##......     41%         4    N/A

Your spell library contained the following spells:

 Spells                   Type           Power        Failure   Level  Hunger


Dungeon Overview and Level Annotations

Branches:
Dungeon (5/15)
 Temple: D:4-7

Altars:
Dithmenos
Hepliaklqana
Nemelex Xobeh
Trog


Innate Abilities, Weirdness & Mutations

You do not eat or drink.
Your flesh is vulnerable to fire.
You are immune to poison.
Your flesh is cold resistant. (rC+)
You are immune to negative energy. (rN+++)
You are immune to unholy pain and torment.
You can survive without breathing.


Message History

An orc wizard comes into view. It is wielding a +0 dagger.
Casting: Call Imp (safe; 2% risk of failure)
Confirm with . or Enter, or press ? or * to list all spells.
A guardian golem appears, shielding your allies.
The orc shouts!
The bullfrog hits you.
A jackal comes into view.
The killer bee stings you! The killer bee barely misses you.
The killer bee closely misses you. x2; The killer bee misses you.
The centaur zombie hits you.
* * * LOW HITPOINT WARNING * * *
The bullfrog closely misses you.
The jackal bites your guardian golem but does no damage.
The killer bee stings you.
* * * LOW HITPOINT WARNING * * *
The killer bee stings you but does no damage.
The killer bee barely misses you. The killer bee stings you.
* * * LOW HITPOINT WARNING * * *
The killer bee stings you.
You die...

#..$......#.#
#.).......)..
#....J.......
#............
#.......h.h..
#....Fh8h.#
#...yyyy..#
#....@yh..#
#...FyZ...#
#.........#
#....>....#
...........#
....#########
.oo. ...


You could see 2 bullfrogs, a jelly, 6 killer bees, an orc wizard, an orc, a
centaur zombie, 5 jackals and a friendly guardian golem.

Vanquished Creatures
  A phantom (D:4)
  An adder (D:3)
  A dart slug (D:2)
  An orc (D:4)
  A giant cockroach (D:2)
  3 goblins
  A hobgoblin (D:2)
  A quokka (D:4)
  A bat (D:2)
  3 frilled lizards
  3 kobolds
  2 rats
19 creatures vanquished.

Vanquished Creatures (collateral kills)
  Pikel (D:4)
  A phantom (D:4)
  An ogre (D:5)
  A scorpion (D:5)
  A hound (D:4)
  A bullfrog skeleton (D:4)
  An orc priest (D:4)
  3 worker ants
  A gnoll (D:1)
  3 adders
  An ooze (D:2)
  An adder skeleton (D:4)
  A worm (D:2)
  A dart slug (D:4)
  2 orcs (D:4)
  4 bats
  A giant cockroach (D:1)
  3 goblins (D:2)
  5 hobgoblins
  10 jackals (D:2)
  2 quokkas
  A ball python (D:4)
  3 frilled lizards
  4 kobolds
  A rat (D:2)
54 creatures vanquished.

Vanquished Creatures (others)
  An ice beast (D:4)
  2 worms (D:4)
  3 orcs (D:4)
6 creatures vanquished.

Grand Total: 79 creatures vanquished

Notes
Turn   | Place    | Note
-------+----------+-------------------------------------------
     0 | D:1      | HASTUR3 the Mummy Summoner began the quest for the Orb.
     0 | D:1      | Reached XP level 1. HP: 13/13 MP: 4/4
   365 | D:1      | Reached XP level 2. HP: 17/20 MP: 0/5
   463 | D:1      | Reached skill level 3 in Spellcasting
   467 | D:1      | Learned a level 2 spell: Call Imp
   992 | D:2      | Reached skill level 1 in Fighting
  1222 | D:2      | Reached XP level 3. HP: 26/26 MP: 2/7
  1227 | D:2      | Learned a level 3 spell: Call Canine Familiar
  1782 | D:3      | Found a hazy altar of Hepliaklqana.
  1782 | D:3      | Found a shadowy altar of Dithmenos.
  1783 | D:3      | Found a bloodstained altar of Trog.
  1851 | D:3      | Found a faded altar of an unknown god.
  2016 | D:3      | HP: 1/26 [adder (2)]
  2017 | D:3      | Reached XP level 4. HP: 1/32 MP: 0/9
  2701 | D:4      | Learned a level 3 spell: Summon Guardian Golem
  2728 | D:4      | Reached skill level 4 in Spellcasting
  2776 | D:4      | Reached skill level 1 in Hexes
  2801 | D:4      | Reached XP level 5. HP: 37/37 MP: 11/11
  2824 | D:4      | Noticed a slave
  2825 | D:4      | Noticed a slave
  2825 | D:4      | Noticed a slave
  2825 | D:4      | Noticed Pikel
  2837 | D:4      | Noticed a slave
  2909 | D:4      | Killed Pikel
  2909 | D:4      | Reached skill level 5 in Spellcasting
  2909 | D:4      | Reached XP level 6. HP: 15/43 MP: 11/13
  3132 | D:4      | Found a sparkling altar of Nemelex Xobeh.
  3170 | D:4      | Reached skill level 5 in Summonings
  3185 | D:4      | Learned a level 4 spell: Summon Ice Beast
  3214 | D:4      | Reached XP level 7. HP: 27/48 MP: 15/15
  3891 | D:5      | Entered Level 5 of the Dungeon
  3913 | D:5      | Reached skill level 6 in Spellcasting
  3921 | D:5      | Learned a level 4 spell: Summon Lightning Spire
  3994 | D:5      | Reached skill level 1 in Ice Magic
  4158 | D:5      | You fall through a shaft!
  4161 | D:6      | HP: 1/48 [killer bee (6)]
  4161 | D:6      | Slain by a killer bee

Skill      XL: |  1  2  3  4  5  6  7 |
---------------+----------------------+-----
Spellcasting   | 3 4 5 6 |  6.1
Fighting       | 1 |  1.0
Summonings     | 4 5 |  5.0
Hexes          | 1 2 3 |  3.0
Ice Magic      | 1 |  1.1
Dodging        | |  1.5
Stealth        | |  1.5
Air Magic      | |  0.3

Action                   |  1- 3 |  4- 6 |  7- 9 || total
-------------------------+-------+-------+-------++-------
Melee: Unarmed           |     8 |       |       ||     8
       Spear             |    77 |    26 |     8 ||   111
       Whip              |       |    22 |     5 ||    27
 Cast: Summon Small Mamm |    20 |       |       ||    20
       Call Imp          |    18 |    10 |     1 ||    29
       Call Canine Famil |     6 |     8 |       ||    14
       Summon Guardian G |       |     4 |     1 ||     5
       Summon Ice Beast  |       |       |     2 ||     2
  Use: Scroll            |     1 |     4 |     2 ||     7
 Stab: Sleeping          |     2 |     1 |       ||     3
       Distracted        |     2 |       |       ||     2
Armor: Robe              |     9 |     6 |     2 ||    17
Dodge: Dodged            |    41 |    29 |    17 ||    87
